Wild vs Predators

Created - 30 décembre 2017 at 15:55

Goals
1 2 3 OT1 T
Wild 1 0 1 1 3
Predators 1 0 1 0 2
Shots
1 2 3 OT1 T
Wild 10 8 10 3 31
Predators 16 13 14 2 45

1st period

1. Predators , Ryan Callahan 12 (Danny Dekeyser 22, Brandon Dubinsky 18) at 3:55
2. Wild , Andy Greene 7 (Dylan Hunter 18) at 6:38 (PP)

Penalties :
Ian White (MIN) for Diving (Minor) at 0:23, Derek Roy (NSH) for Roughing (Minor) at 5:04, Matt Duchene (MIN) for Hooking (Minor) at 10:46

2nd period

No Goal

Penalties :
Tuomo Ruutu (NSH) for Goalie Interference (Minor) at 8:32, Jason Pominville (MIN) for Hooking (Minor) at 8:32, Anton Volchenkov (MIN) for High sticking (Minor) at 11:34

3rd period

3. Wild , Jason Pominville 21 (Matt Duchene 16, Leon Draisaitl 15) at 1:35
4. Predators , Ryan Callahan 13 (Kyle Okposo 20, Brandon Dubinsky 19) at 3:39

Penalties :
Tuomo Ruutu (NSH) for Delaying the game (Minor) at 14:15, Colin Wilson (MIN) for Hooking (Minor) at 16:22, Ladislav Smid (NSH) for Roughing (Minor) at 19:13

Overtime #1

5. Wild , Dylan Hunter 15 (Jason Pominville 24, Tim Conboy 6) at 3:33

Penalties :
No Penalty

Goalie Stats

John Gibson (MIN), 43 saves from 45 shots - (0,956), W, 15-12-4, 63:34 minutes
Cam Ward (NSH), 28 saves from 31 shots - (0,903), OTL, 16-7-5, 63:34 minutes

Players Stats for Wild

Player Name              G  A  P  +/- PIM S  H  SB GA TA FO     MP     PP MP  PK MP  
------------------------------------------------------------------------------------
Andy Greene              1  0  1  -1  0   2  0  5  0  0  0/0    26:12   1:56   4:50 
Anton Volchenkov         0  0  0   0  2   0  3  2  0  0  0/0    16:57   0:00   3:42 
Colin Wilson             0  0  0   0  2   1  0  0  0  0  7/11    5:28   0:00   0:00 
Drew Miller              0  0  0   0  0   3  0  0  0  0  2/12   12:44   2:07   1:00 
Dylan Hunter             1  1  2   1  0   3  4  0  0  0  0/0    20:01   2:07   0:00 
Ian White                0  0  0  -1  2   0  4  3  0  0  0/0    23:47   2:23   0:08 
Jason Pominville         1  1  2   0  2   1  0  1  0  0  2/3    19:05   2:12   0:00 
Johan Franzen            0  0  0   0  0   0  4  0  0  0  0/0    14:19   0:00   4:03 
Leon Draisaitl           0  1  1  -1  0   3  2  0  0  0  3/4    19:00   2:12   0:00 
Mark Stone               0  0  0   0  0   4  0  0  0  0  0/1    19:36   0:00   3:53 
Marvin Degon             0  0  0   0  0   2  2  2  0  0  0/0    22:23   2:23   3:06 
Matt Duchene             0  1  1  -1  2   5  1  0  0  0  9/26   21:27   2:12   3:00 
Mikko Koivu              0  0  0   0  0   1  0  1  0  0  15/23  20:37   2:07   0:03 
Paul Ranger              0  0  0   0  0   2  0  0  0  0  0/0    17:54   0:00   1:00 
Peter Olvecky            0  0  0   0  0   1  1  0  0  0  0/3     9:37   0:00   0:00 
Radek Faksa              0  0  0   0  0   1  1  0  0  0  4/10    9:22   0:00   3:53 
Ryan Hamilton            0  0  0   0  0   2  0  0  0  0  0/0     5:54   0:00   0:00 
Tim Conboy               0  1  1   1  0   0  0  2  0  0  0/0    17:32   1:56   3:06 

Players Stats for Predators

Player Name              G  A  P  +/- PIM S  H  SB GA TA FO     MP     PP MP  PK MP  
------------------------------------------------------------------------------------
Boyd Gordon              0  0  0   0  0   1  0  0  0  0  9/14   10:11   0:00   2:43 
Brandon Dubinsky         0  2  2   2  0   2  3  0  0  0  21/30  18:13   4:15   0:00 
Brenden Dillon           0  0  0  -1  0   5  2  4  0  0  0/0    24:27   4:13   2:46 
Danny Dekeyser           0  1  1   2  0   3  0  1  0  0  0/0    23:24   3:43   2:47 
Derek Roy                0  0  0  -2  2   6  3  0  0  0  6/16   19:42   3:35   1:13 
Johnny Boychuck          0  0  0   0  0   1  2  1  0  0  0/0    13:49   0:00   0:00 
Kevan Miller             0  0  0   0  0   2  2  2  0  0  0/0    18:57   3:43   3:32 
Kyle Okposo              0  1  1   2  0   3  0  0  0  0  1/2    17:29   4:15   0:00 
Ladislav Smid            0  0  0   1  2   0  3  1  0  0  0/0    21:57   0:00   1:59 
Lauri Korpikoski         0  0  0   0  0   0  0  1  0  0  0/1     6:52   0:00   0:00 
Nikita Filatov           0  0  0   0  0   3  2  0  0  0  1/3    18:38   3:41   0:00 
Patrick Eaves            0  0  0  -1  0   1  0  0  0  0  0/0    12:34   0:00   0:00 
Paul Byron               0  0  0   0  0   2  1  0  0  0  0/0    10:23   0:00   2:08 
R.J. Umberger            0  0  0  -1  0   0  0  0  0  0  0/3    14:10   0:00   1:36 
Ryan Callahan            2  0  2   2  0   8  2  0  0  0  1/1    19:22   4:15   2:11 
Slava Voynov             0  0  0  -1  0   2  0  1  0  0  0/0    22:12   4:13   0:00 
Tuomo Ruutu              0  0  0   0  4   2  5  0  0  0  0/1    13:28   0:06   0:00 
Tyler Bozak              0  0  0  -1  0   4  0  1  0  0  12/22  18:32   3:41   0:00 

3 Stars

1 - Ryan Callahan (NSH)
2 - John Gibson (MIN)
3 - Dylan Hunter (MIN)

Power Play

Wild - 1 on 3 Attempt(s) - 33,33%
Predators - 0 on 4 Attempt(s) - 0,00%

Penalty Kill

Wild - 4 on 4 Attempt(s) - 100,00% - Score 0 goal in Penalty Kill
Predators - 2 on 3 Attempt(s) - 66,67% - Score 0 goal in Penalty Kill

Team Stat

Wild - Hits : 22 - Faceoff Wins : 42 - Blocked Shots : 16 - Penalty Minutes : 10
Predators - Hits : 25 - Faceoff Wins : 51 - Blocked Shots : 12 - Penalty Minutes : 8

Official

Referees : Andrew Thackaberry and Darcy Burchell
Linesman : Brian MacDonald and Jeff Walker

Game Notes

No Game Note

Finance

Level 1 -- Attendance: 3600 (60,00%) -- Ticket Income 792 000 $
Level 2 -- Attendance: 3000 (60,00%) -- Ticket Income 375 000 $
Level 3 -- Attendance: 1212 (60,60%) -- Ticket Income 96 960 $
Level 4 -- Attendance: 2400 (60,00%) -- Ticket Income 144 000 $
Luxury Box -- Attendance: 1000 (100,00%) -- Ticket Income 350 000 $
Game was played at the Gaylord Entertainment Center.
Total Attendance: 11212 (62,29%)
Total Ticket Income: 1 757 960 $
Other Income: 861 400 $
Total Income: 2 619 360 $

Wild

5 vs 5 Forward 
   Center                   Left Wing                Right Wing               Time % Phy DF OF 
 1 Matt Duchene             Leon Draisaitl           Jason Pominville         34     0   2  3  
 2 Mikko Koivu              Dylan Hunter             Mark Stone               33     0   2  3  
 3 Drew Miller              Johan Franzen            Peter Olvecky            20     0   2  3  
 4 Colin Wilson             Radek Faksa              Ryan Hamilton            13     0   3  2  

5 vs 5 Defense 
   Defense                  Defense                                           Time % Phy DF OF 
 1 Andy Greene              Ian White                                         36     1   2  2  
 2 Paul Ranger              Marvin Degon                                      32     1   2  2  
 3 Anton Volchenkov         Tim Conboy                                        22     1   2  2  
 4 Andy Greene              Ian White                                         10     1   2  2  

PowerPlay Forward 
   Center                   Left Wing                Right Wing               Time % Phy DF OF 
 1 Matt Duchene             Leon Draisaitl           Jason Pominville         53     0   0  5  
 2 Mikko Koivu              Dylan Hunter             Drew Miller              47     0   0  5  

PowerPlay Defense
   Defense                  Defense                                           Time % Phy DF OF 
 1 Tim Conboy               Andy Greene                                       54     0   2  3  
 2 Ian White                Marvin Degon                                      46     0   2  3  

Penalty Kill 4 Players Forward 
   Center                   Wing                     Time % Phy DF OF 
 1 Matt Duchene             Johan Franzen            52     0   4  1  
 2 Radek Faksa              Mark Stone               48     0   4  1  

Penalty Kill 4 Players Defense
   Defense                  Defense                  Time % Phy DF OF 
 1 Andy Greene              Anton Volchenkov         53     0   4  1  
 2 Tim Conboy               Marvin Degon             47     0   4  1  

Penalty Kill - 3 Players Forward 
   Forward                                           Time % Phy DF OF 
 1 Johan Franzen                                     51     0   4  1  
 2 Radek Faksa                                       49     0   4  1  

Penalty Kill - 3 Players Defense
   Defense                  Defense                  Time % Phy DF OF 
 1 Ian White                Anton Volchenkov         52     0   5  0  
 2 Paul Ranger              Marvin Degon             48     0   5  0  

4 vs 4 Forward 
   Center                   Wing                     Time % Phy DF OF 
 1 Leon Draisaitl           Jason Pominville         51     0   2  3  
 2 Mikko Koivu              Dylan Hunter             49     0   2  3  

4 vs 4 Defense
   Defense                  Defense                  Time % Phy DF OF 
 1 Anton Volchenkov         Ian White                52     0   2  3  
 2 Paul Ranger              Marvin Degon             48     0   2  3  

Last Minutes Offensive
   Center                   Left Wing                Right Wing               Defense                  Defense                  
   Mikko Koivu              Dylan Hunter             Jason Pominville         Marvin Degon             Tim Conboy               

Last Minutes Defensive
   Center                   Left Wing                Right Wing               Defense                  Defense                  
   Matt Duchene             Johan Franzen            Mark Stone               Andy Greene              Ian White                

Goaltenders
Starting : John Gibson              
Backup : Josh Harding             

Extra Forwards
Normal : Ryan Hamilton, Johan Franzen, Drew Miller - PP : Ryan Hamilton, Johan Franzen - PK : Drew Miller
Extra Defensemen
Normal : Anton Volchenkov, Marvin Degon, Paul Ranger - PP : Anton Volchenkov - PK : Anton Volchenkov, Paul Ranger
Penalty Shots
Jason Pominville, Matt Duchene, Dylan Hunter, Mikko Koivu, Drew Miller
Custom OT Lines Forwards
Jason Pominville, Matt Duchene, Mikko Koivu, Dylan Hunter, Drew Miller, Mark Stone, Leon Draisaitl, Radek Faksa, Colin Wilson, Peter Olvecky
Custom OT Lines Defensemen
Tim Conboy, Ian White, Andy Greene, Marvin Degon, Anton Volchenkov

Scratches
Mike Komisarek (Healthy), Nicolas Blanchard (Healthy), Yann Danis (Healthy)

Predators

5 vs 5 Forward 
   Center                   Left Wing                Right Wing               Time % Phy DF OF 
 1 Brandon Dubinsky         Ryan Callahan            Kyle Okposo              29     0   2  3  
 2 Tyler Bozak              Tuomo Ruutu              Nikita Filatov           28     0   2  3  
 3 Derek Roy                R.J. Umberger            Patrick Eaves            26     0   2  3  
 4 Boyd Gordon              Paul Byron               Lauri Korpikoski         17     0   3  2  

5 vs 5 Defense 
   Defense                  Defense                                           Time % Phy DF OF 
 1 Danny Dekeyser           Ladislav Smid                                     37     0   3  2  
 2 Slava Voynov             Brenden Dillon                                    35     0   3  2  
 3 Johnny Boychuck          Kevan Miller                                      28     0   4  1  
 4 Johnny Boychuck          Ladislav Smid                                     0      0   4  1  

PowerPlay Forward 
   Center                   Left Wing                Right Wing               Time % Phy DF OF 
 1 Brandon Dubinsky         Ryan Callahan            Kyle Okposo              50     0   0  5  
 2 Tyler Bozak              Derek Roy                Nikita Filatov           50     0   0  5  

PowerPlay Defense
   Defense                  Defense                                           Time % Phy DF OF 
 1 Slava Voynov             Brenden Dillon                                    50     0   1  4  
 2 Danny Dekeyser           Kevan Miller                                      50     0   1  4  

Penalty Kill 4 Players Forward 
   Center                   Wing                     Time % Phy DF OF 
 1 Derek Roy                Paul Byron               50     0   5  0  
 2 Boyd Gordon              Ryan Callahan            50     0   5  0  

Penalty Kill 4 Players Defense
   Defense                  Defense                  Time % Phy DF OF 
 1 Ladislav Smid            Kevan Miller             50     0   5  0  
 2 Danny Dekeyser           Brenden Dillon           50     0   5  0  

Penalty Kill - 3 Players Forward 
   Forward                                           Time % Phy DF OF 
 1 R.J. Umberger                                     50     0   5  0  
 2 Boyd Gordon                                       50     0   5  0  

Penalty Kill - 3 Players Defense
   Defense                  Defense                  Time % Phy DF OF 
 1 Ladislav Smid            Kevan Miller             50     0   5  0  
 2 Danny Dekeyser           Brenden Dillon           50     0   5  0  

4 vs 4 Forward 
   Center                   Wing                     Time % Phy DF OF 
 1 Derek Roy                Paul Byron               50     0   2  3  
 2 Boyd Gordon              Nikita Filatov           50     0   2  3  

4 vs 4 Defense
   Defense                  Defense                  Time % Phy DF OF 
 1 Slava Voynov             Brenden Dillon           50     0   2  3  
 2 Danny Dekeyser           Ladislav Smid            50     0   2  3  

Last Minutes Offensive
   Center                   Left Wing                Right Wing               Defense                  Defense                  
   Tyler Bozak              Tuomo Ruutu              Nikita Filatov           Slava Voynov             Danny Dekeyser           

Last Minutes Defensive
   Center                   Left Wing                Right Wing               Defense                  Defense                  
   Derek Roy                R.J. Umberger            Ryan Callahan            Ladislav Smid            Brenden Dillon           

Goaltenders
Starting : Cam Ward                 
Backup : Peter Budaj              

Extra Forwards
Normal : Derek Roy, Tuomo Ruutu, Tyler Bozak - PP : Tuomo Ruutu, Patrick Eaves - PK : R.J. Umberger
Extra Defensemen
Normal : Brenden Dillon, Ladislav Smid, Slava Voynov - PP : Kevan Miller - PK : Danny Dekeyser, Ladislav Smid
Penalty Shots
Tuomo Ruutu, Ryan Callahan, Kyle Okposo, Tyler Bozak, Derek Roy
Custom OT Lines Forwards
Tyler Bozak, Nikita Filatov, Brandon Dubinsky, Kyle Okposo, Derek Roy, Ryan Callahan, R.J. Umberger, Tuomo Ruutu, Boyd Gordon, Paul Byron
Custom OT Lines Defensemen
Slava Voynov, Brenden Dillon, Ladislav Smid, Danny Dekeyser, Kevan Miller

Scratches
None


% Time on Ice - Wild

Lines # - Real PCT - Wanted PCT - Time Play
Normal Forward
1 - 33% - 34% - 14:57
2 - 34% - 33% - 15:43
3 - 21% - 20% - 9:37
4 - 12% - 13% - 5:29
Normal Defense
1 - 37% - 36% - 16:53
2 - 34% - 32% - 15:33
3 - 25% - 22% - 11:25
4 - 4% - 10% - 1:55
PP Forward
1 - 51% - 53% - 2:12
2 - 49% - 47% - 2:07
PP Defense
1 - 45% - 54% - 1:56
2 - 55% - 46% - 2:23
PK Forward
1 - 51% - 52% - 4:03
2 - 49% - 48% - 3:53
PK Defense
1 - 61% - 53% - 4:50
2 - 39% - 47% - 3:06
PK3 Forward
1 - 0% - 51%
2 - 0% - 49%
PK3 Defense
1 - 0% - 52%
2 - 0% - 48%
44 Forward
1 - 58% - 51% - 1:51
2 - 42% - 49% - 1:21
44 Defense
1 - 58% - 52% - 1:51
2 - 42% - 48% - 1:21
Last Minute Offensive  - 0:00
Last Minute Defensive  - 0:00
Total
Forward - 61:13
Defense - 61:13

% Time on Ice - Predators

Lines # - Real PCT - Wanted PCT - Time Play
Normal Forward
1 - 28% - 29% - 12:56
2 - 29% - 28% - 13:24
3 - 27% - 26% - 12:34
4 - 15% - 17% - 6:52
Normal Defense
1 - 36% - 37% - 16:18
2 - 34% - 35% - 15:39
3 - 26% - 28% - 11:42
4 - 5% - 0% - 2:07
PP Forward
1 - 54% - 50% - 4:15
2 - 46% - 50% - 3:41
PP Defense
1 - 53% - 50% - 4:13
2 - 47% - 50% - 3:43
PK Forward
1 - 49% - 50% - 2:08
2 - 51% - 50% - 2:11
PK Defense
1 - 61% - 50% - 2:37
2 - 39% - 50% - 1:42
PK3 Forward
1 - 56% - 50% - 0:41
2 - 44% - 50% - 0:32
PK3 Defense
1 - 75% - 50% - 0:55
2 - 25% - 50% - 0:18
44 Forward
1 - 70% - 50% - 1:23
2 - 30% - 50% - 0:36
44 Defense
1 - 70% - 50% - 1:23
2 - 30% - 50% - 0:36
Last Minute Offensive  - 0:00
Last Minute Defensive  - 0:00
Total
Forward - 61:13
Defense - 61:13

Play by Play

1st period


0:01 of 1st period - Brandon Dubinsky wins face-off versus Matt Duchene in neutral zone.
0:12 of 1st period - Shot by Brandon Dubinsky.
0:12 of 1st period - Stopped by John Gibson with a rebound.
0:14 of 1st period - Shot by Ladislav Smid.
0:14 of 1st period - Shot Misses the Net.
0:16 of 1st period - Shot by Ryan Callahan.
0:16 of 1st period - Shot Misses the Net.
0:18 of 1st period - Shot by Danny Dekeyser.
0:18 of 1st period - Shot Blocked by Ian White.
0:20 of 1st period - Shot by Danny Dekeyser.
0:20 of 1st period - Shot Misses the Net.
0:22 of 1st period - Shot by Danny Dekeyser.
0:22 of 1st period - Shot Blocked by Ian White.
0:23 of 1st period - Minor Penalty to Ian White for Diving.
0:24 of 1st period - Tyler Bozak wins face-off versus Matt Duchene in Wild zone.
0:24 of 1st period - Nikita Filatov is hit by Marvin Degon and loses puck.
0:35 of 1st period - Brenden Dillon is hit by Radek Faksa and loses puck.
0:44 of 1st period - Shot by Radek Faksa.
0:44 of 1st period - Stopped by Cam Ward without a rebound.
0:45 of 1st period - Matt Duchene wins face-off versus Brandon Dubinsky in Predators zone.
0:52 of 1st period - Shot by Matt Duchene.
0:52 of 1st period - Stopped by Cam Ward without a rebound.
0:53 of 1st period - Matt Duchene wins face-off versus Brandon Dubinsky in Predators zone.
1:16 of 1st period - Shot by Brandon Dubinsky.
1:16 of 1st period - Shot Blocked by Andy Greene.
1:18 of 1st period - Shot by Brandon Dubinsky.
1:18 of 1st period - Shot Blocked by Andy Greene.
1:20 of 1st period - Shot by Kevan Miller.
1:20 of 1st period - Deflect By Kyle Okposo.
1:20 of 1st period - Shot Misses the Net.
1:22 of 1st period - Shot by Danny Dekeyser.
1:22 of 1st period - Stopped by John Gibson without a rebound.
1:23 of 1st period - Tyler Bozak wins face-off versus Radek Faksa in Wild zone.
1:36 of 1st period - Shot by Brenden Dillon.
1:36 of 1st period - Shot Misses the Net.
1:38 of 1st period - Shot by Brenden Dillon.
1:38 of 1st period - Stopped by John Gibson without a rebound.
1:39 of 1st period - Brandon Dubinsky wins face-off versus Radek Faksa in Wild zone.
1:41 of 1st period - Kyle Okposo is hit by Anton Volchenkov and loses puck.
1:44 of 1st period - Shot by Ryan Callahan.
1:44 of 1st period - Stopped by John Gibson without a rebound.
1:45 of 1st period - Radek Faksa wins face-off versus Nikita Filatov in Wild zone.
1:53 of 1st period - Slava Voynov is hit by Anton Volchenkov.
2:01 of 1st period - Shot by Derek Roy.
2:01 of 1st period - Shot Misses the Net.
2:03 of 1st period - Shot by Brenden Dillon.
2:03 of 1st period - Shot Misses the Net.
2:05 of 1st period - Shot by Tyler Bozak.
2:05 of 1st period - Shot Misses the Net.
2:07 of 1st period - Shot by Brenden Dillon.
2:07 of 1st period - Stopped by John Gibson without a rebound.
2:08 of 1st period - Radek Faksa wins face-off versus Brandon Dubinsky in Wild zone.
2:08 of 1st period - Radek Faksa is hit by Ryan Callahan.
2:26 of 1st period - Shot by Paul Byron.
2:26 of 1st period - Stopped by John Gibson without a rebound.
2:27 of 1st period - Mikko Koivu wins face-off versus Tyler Bozak in Wild zone.
2:27 of 1st period - Mikko Koivu is hit by Tuomo Ruutu.
2:37 of 1st period - Shot by Mikko Koivu.
2:37 of 1st period - Shot Misses the Net.
2:43 of 1st period - Mark Stone is hit by Tuomo Ruutu and loses puck.
3:04 of 1st period - Shot by Tyler Bozak.
3:04 of 1st period - Stopped by John Gibson with a rebound.
3:06 of 1st period - Shot by Nikita Filatov.
3:06 of 1st period - Stopped by John Gibson without a rebound.
3:07 of 1st period - Derek Roy wins face-off versus Peter Olvecky in Wild zone.
3:07 of 1st period - Derek Roy is hit by Marvin Degon.
3:15 of 1st period - Shot by Drew Miller.
3:15 of 1st period - Shot Misses the Net.
3:17 of 1st period - Shot by Paul Ranger.
3:17 of 1st period - Stopped by Cam Ward without a rebound.
3:18 of 1st period - Brandon Dubinsky wins face-off versus Matt Duchene in Predators zone.
3:27 of 1st period - Shot by Matt Duchene.
3:27 of 1st period - Shot Misses the Net.
3:36 of 1st period - Brandon Dubinsky is hit by Ian White and loses puck.
3:45 of 1st period - Shot by Kyle Okposo.
3:45 of 1st period - Shot Blocked by Ian White.
3:47 of 1st period - Shot by Brandon Dubinsky.
3:47 of 1st period - Shot Misses the Net.
3:53 of 1st period - Shot by Ryan Callahan.
3:53 of 1st period - Shot Misses the Net.
3:55 of 1st period - Shot by Ryan Callahan.
3:55 of 1st period - Goal by Ryan Callahan - Wild : 0 - Predators : 1.
3:56 of 1st period - Derek Roy wins face-off versus Mikko Koivu in neutral zone.
4:11 of 1st period - Shot by Derek Roy.
4:11 of 1st period - Stopped by John Gibson without a rebound.
4:12 of 1st period - Boyd Gordon wins face-off versus Drew Miller in Wild zone.
4:27 of 1st period - Shot by Peter Olvecky.
4:27 of 1st period - Stopped by Cam Ward with a rebound.
5:04 of 1st period - Minor Penalty to Derek Roy for Roughing.
5:05 of 1st period - Matt Duchene wins face-off versus R.J. Umberger in Predators zone.
5:14 of 1st period - Shot by Matt Duchene.
5:14 of 1st period - Stopped by Cam Ward without a rebound.
5:15 of 1st period - Boyd Gordon wins face-off versus Matt Duchene in Predators zone.
5:58 of 1st period - Shot by Jason Pominville.
5:58 of 1st period - Deflect By Matt Duchene.
5:58 of 1st period - Stopped by Cam Ward without a rebound.
5:59 of 1st period - Boyd Gordon wins face-off versus Mikko Koivu in Predators zone.
6:08 of 1st period - Kevan Miller is hit by Dylan Hunter and loses puck.
6:36 of 1st period - Shot by Andy Greene.
6:36 of 1st period - Shot Misses the Net.
6:38 of 1st period - Shot by Andy Greene.
6:38 of 1st period - Goal by Andy Greene - Wild : 1 - Predators : 1.
6:39 of 1st period - Colin Wilson wins face-off versus Tyler Bozak in neutral zone.
8:06 of 1st period - Jason Pominville is hit by Derek Roy and loses puck.
8:57 of 1st period - Shot by Ryan Callahan.
8:57 of 1st period - Shot Blocked by Tim Conboy.
9:11 of 1st period - Shot by Mikko Koivu.
9:11 of 1st period - Stopped by Cam Ward without a rebound.
9:12 of 1st period - Boyd Gordon wins face-off versus Peter Olvecky in Predators zone.
9:12 of 1st period - Boyd Gordon is hit by Peter Olvecky.
10:46 of 1st period - Minor Penalty to Matt Duchene for Hooking.
10:47 of 1st period - Brandon Dubinsky wins face-off versus Radek Faksa in Wild zone.
10:55 of 1st period - Icing by Ryan Callahan.
10:56 of 1st period - Brandon Dubinsky wins face-off versus Radek Faksa in Predators zone.
11:03 of 1st period - Shot by Danny Dekeyser.
11:03 of 1st period - Shot Misses the Net.
11:12 of 1st period - Icing by Ryan Callahan.
11:13 of 1st period - Brandon Dubinsky wins face-off versus Drew Miller in Predators zone.
11:21 of 1st period - Off-side.
11:22 of 1st period - Drew Miller wins face-off versus Tyler Bozak in neutral zone.
11:35 of 1st period - Shot by Slava Voynov.
11:35 of 1st period - Shot Misses the Net.
11:37 of 1st period - Shot by Brenden Dillon.
11:37 of 1st period - Stopped by John Gibson with a rebound.
11:39 of 1st period - Shot by Tyler Bozak.
11:39 of 1st period - Stopped by John Gibson without a rebound.
11:40 of 1st period - Kyle Okposo wins face-off versus Drew Miller in Wild zone.
11:51 of 1st period - Shot by Ryan Callahan.
11:51 of 1st period - Shot Misses the Net.
11:53 of 1st period - Shot by Ryan Callahan.
11:53 of 1st period - Stopped by John Gibson without a rebound.
11:54 of 1st period - Radek Faksa wins face-off versus Tyler Bozak in Wild zone.
12:02 of 1st period - Icing by Derek Roy.
12:03 of 1st period - Radek Faksa wins face-off versus Tyler Bozak in Predators zone.
12:04 of 1st period - Shot by Mark Stone.
12:04 of 1st period - Stopped by Cam Ward with a rebound.
12:29 of 1st period - Shot by Nikita Filatov.
12:29 of 1st period - Deflect By Tyler Bozak.
12:29 of 1st period - Stopped by John Gibson with a rebound.
12:31 of 1st period - Shot by Brenden Dillon.
12:31 of 1st period - Shot Misses the Net.
12:33 of 1st period - Shot by Tyler Bozak.
12:33 of 1st period - Stopped by John Gibson without a rebound.
12:34 of 1st period - Ryan Callahan wins face-off versus Drew Miller in Wild zone.
13:05 of 1st period - Matt Duchene is hit by Johnny Boychuck and loses puck.
13:43 of 1st period - Icing by Paul Ranger.
13:44 of 1st period - Brandon Dubinsky wins face-off versus Matt Duchene in Wild zone.
14:03 of 1st period - Shot by Ryan Callahan.
14:03 of 1st period - Shot Misses the Net.
14:09 of 1st period - Ryan Callahan is hit by Leon Draisaitl and loses puck.
14:35 of 1st period - Ian White is hit by Brandon Dubinsky and loses puck.
16:05 of 1st period - Icing by Tim Conboy.
16:06 of 1st period - Colin Wilson wins face-off versus Tyler Bozak in Wild zone.
16:06 of 1st period - Colin Wilson is hit by Nikita Filatov.
16:12 of 1st period - Tim Conboy is hit by Tuomo Ruutu.
16:14 of 1st period - Shot by Colin Wilson.
16:14 of 1st period - Stopped by Cam Ward with a rebound.
16:16 of 1st period - Shot by Tim Conboy.
16:16 of 1st period - Shot Blocked by Johnny Boychuck.
16:21 of 1st period - Radek Faksa is hit by Kevan Miller.
17:02 of 1st period - Off-side.
17:03 of 1st period - Brandon Dubinsky wins face-off versus Leon Draisaitl in neutral zone.
17:13 of 1st period - Icing by Brenden Dillon.
17:14 of 1st period - Brandon Dubinsky wins face-off versus Matt Duchene in Predators zone.
17:23 of 1st period - Shot by Ryan Callahan.
17:23 of 1st period - Stopped by John Gibson without a rebound.
17:24 of 1st period - Brandon Dubinsky wins face-off versus Mikko Koivu in Wild zone.
17:34 of 1st period - Ian White is hit by Brenden Dillon and loses puck.
17:38 of 1st period - Icing by Brandon Dubinsky.
17:39 of 1st period - Brandon Dubinsky wins face-off versus Matt Duchene in Predators zone.
17:44 of 1st period - Matt Duchene is hit by Brandon Dubinsky and loses puck.
Goals for this period are 1 for Wild vs 1 for Predators.
Shots for this period are 10 for Wild vs 16 for Predators.

2nd period


0:01 of 2nd period - Derek Roy wins face-off versus Mark Stone in neutral zone.
0:23 of 2nd period - Mark Stone is hit by Ladislav Smid and loses puck.
0:42 of 2nd period - Shot by Mark Stone.
0:42 of 2nd period - Stopped by Cam Ward without a rebound.
0:43 of 2nd period - Brandon Dubinsky wins face-off versus Drew Miller in Predators zone.
1:50 of 2nd period - Off-side.
1:51 of 2nd period - Mikko Koivu wins face-off versus Derek Roy in neutral zone.
2:26 of 2nd period - Shot by Patrick Eaves.
2:26 of 2nd period - Deflect By Derek Roy.
2:26 of 2nd period - Stopped by John Gibson with a rebound.
2:55 of 2nd period - Ian White is hit by Brenden Dillon and loses puck.
3:30 of 2nd period - Shot by Jason Pominville.
3:30 of 2nd period - Deflect By Leon Draisaitl.
3:30 of 2nd period - Stopped by Cam Ward without a rebound.
3:31 of 2nd period - Brandon Dubinsky wins face-off versus Peter Olvecky in Predators zone.
3:31 of 2nd period - Brandon Dubinsky is hit by Johan Franzen.
3:39 of 2nd period - Shot by Ryan Callahan.
3:39 of 2nd period - Shot Blocked by Anton Volchenkov.
3:55 of 2nd period - Shot by Drew Miller.
3:55 of 2nd period - Stopped by Cam Ward without a rebound.
3:56 of 2nd period - Boyd Gordon wins face-off versus Colin Wilson in Predators zone.
4:23 of 2nd period - Shot by Colin Wilson.
4:23 of 2nd period - Shot Misses the Net.
4:25 of 2nd period - Shot by Ryan Hamilton.
4:25 of 2nd period - Stopped by Cam Ward without a rebound.
4:26 of 2nd period - Tyler Bozak wins face-off versus Matt Duchene in Predators zone.
5:20 of 2nd period - Icing by Andy Greene.
5:21 of 2nd period - Jason Pominville wins face-off versus Brandon Dubinsky in Wild zone.
5:21 of 2nd period - Jason Pominville is hit by Brandon Dubinsky.
5:58 of 2nd period - Shot by Ryan Callahan.
5:58 of 2nd period - Shot Blocked by Tim Conboy.
6:00 of 2nd period - Shot by Danny Dekeyser.
6:00 of 2nd period - Shot Blocked by Anton Volchenkov.
6:09 of 2nd period - Mark Stone is hit by Ladislav Smid and loses puck.
7:02 of 2nd period - Shot by Johan Franzen.
7:02 of 2nd period - Shot Misses the Net.
7:04 of 2nd period - Shot by Paul Ranger.
7:04 of 2nd period - Stopped by Cam Ward without a rebound.
7:05 of 2nd period - Colin Wilson wins face-off versus Boyd Gordon in Predators zone.
8:01 of 2nd period - Shot by Tuomo Ruutu.
8:01 of 2nd period - Shot Blocked by Andy Greene.
8:03 of 2nd period - Shot by Tuomo Ruutu.
8:03 of 2nd period - Shot Misses the Net.
8:28 of 2nd period - Leon Draisaitl is hit by Ladislav Smid and loses puck.
8:32 of 2nd period - Minor Penalty to Tuomo Ruutu for Goalie Interference.
8:32 of 2nd period - Minor Penalty to Jason Pominville for Hooking.
8:33 of 2nd period - Mikko Koivu wins face-off versus Derek Roy in neutral zone.
9:02 of 2nd period - Shot by Mikko Koivu.
9:02 of 2nd period - Shot Blocked by Brenden Dillon.
9:19 of 2nd period - Icing by Marvin Degon.
9:20 of 2nd period - Mikko Koivu wins face-off versus Boyd Gordon in Wild zone.
9:43 of 2nd period - Ladislav Smid is hit by Ian White and loses puck.
9:52 of 2nd period - Shot by Leon Draisaitl.
9:52 of 2nd period - Stopped by Cam Ward without a rebound.
9:53 of 2nd period - Leon Draisaitl wins face-off versus Derek Roy in Predators zone.
11:08 of 2nd period - Shot by Kyle Okposo.
11:08 of 2nd period - Shot Hit the Post.
11:10 of 2nd period - Shot by Kyle Okposo.
11:10 of 2nd period - Deflect By Ryan Callahan.
11:10 of 2nd period - Stopped by John Gibson without a rebound.
11:11 of 2nd period - Tyler Bozak wins face-off versus Colin Wilson in Wild zone.
11:11 of 2nd period - Tyler Bozak is hit by Anton Volchenkov.
11:20 of 2nd period - Colin Wilson is hit by Tuomo Ruutu and loses puck.
11:34 of 2nd period - Minor Penalty to Anton Volchenkov for High sticking.
11:35 of 2nd period - Brandon Dubinsky wins face-off versus Matt Duchene in Wild zone.
11:50 of 2nd period - Shot by Brandon Dubinsky.
11:50 of 2nd period - Shot Misses the Net.
11:52 of 2nd period - Shot by Slava Voynov.
11:52 of 2nd period - Stopped by John Gibson without a rebound.
11:53 of 2nd period - Tyler Bozak wins face-off versus Radek Faksa in Wild zone.
12:08 of 2nd period - Shot by Danny Dekeyser.
12:08 of 2nd period - Shot Misses the Net.
12:10 of 2nd period - Shot by Nikita Filatov.
12:10 of 2nd period - Shot Misses the Net.
12:12 of 2nd period - Shot by Derek Roy.
12:12 of 2nd period - Stopped by John Gibson without a rebound.
12:13 of 2nd period - Matt Duchene wins face-off versus Brandon Dubinsky in Wild zone.
14:06 of 2nd period - Shot by Leon Draisaitl.
14:06 of 2nd period - Shot Blocked by Lauri Korpikoski.
14:10 of 2nd period - Shot by Jason Pominville.
14:10 of 2nd period - Shot Blocked by Ladislav Smid.
14:27 of 2nd period - Icing by Anton Volchenkov.
14:28 of 2nd period - Tyler Bozak wins face-off versus Mikko Koivu in Wild zone.
14:29 of 2nd period - Shot by Slava Voynov.
14:29 of 2nd period - Shot Misses the Net.
14:31 of 2nd period - Shot by Brenden Dillon.
14:31 of 2nd period - Shot Misses the Net.
15:00 of 2nd period - Shot by Mark Stone.
15:00 of 2nd period - Stopped by Cam Ward without a rebound.
15:01 of 2nd period - Drew Miller wins face-off versus Derek Roy in Predators zone.
15:07 of 2nd period - Ladislav Smid is hit by Johan Franzen.
15:32 of 2nd period - Shot by Patrick Eaves.
15:32 of 2nd period - Shot Misses the Net.
15:59 of 2nd period - Shot by Kyle Okposo.
15:59 of 2nd period - Stopped by John Gibson with a rebound.
16:01 of 2nd period - Shot by Ryan Callahan.
16:01 of 2nd period - Shot Misses the Net.
16:13 of 2nd period - Shot by Kyle Okposo.
16:13 of 2nd period - Shot Blocked by Marvin Degon.
16:15 of 2nd period - Shot by Johnny Boychuck.
16:15 of 2nd period - Shot Misses the Net.
16:17 of 2nd period - Shot by Johnny Boychuck.
16:17 of 2nd period - Shot Blocked by Marvin Degon.
16:19 of 2nd period - Shot by Kevan Miller.
16:19 of 2nd period - Stopped by John Gibson with a rebound.
16:55 of 2nd period - Nikita Filatov is hit by Dylan Hunter and loses puck.
17:01 of 2nd period - Icing by Brenden Dillon.
17:02 of 2nd period - Tyler Bozak wins face-off versus Matt Duchene in Predators zone.
17:15 of 2nd period - Shot by Tyler Bozak.
17:15 of 2nd period - Deflect By Tuomo Ruutu.
17:15 of 2nd period - Stopped by John Gibson without a rebound.
17:16 of 2nd period - Derek Roy wins face-off versus Mikko Koivu in Wild zone.
17:25 of 2nd period - Shot by Patrick Eaves.
17:25 of 2nd period - Stopped by John Gibson with a rebound.
17:27 of 2nd period - Shot by Derek Roy.
17:27 of 2nd period - Shot Misses the Net.
17:40 of 2nd period - Off-side.
17:41 of 2nd period - Brandon Dubinsky wins face-off versus Matt Duchene in neutral zone.
17:52 of 2nd period - Shot by Ryan Callahan.
17:52 of 2nd period - Shot Hit the Post.
18:14 of 2nd period - Shot by Ryan Callahan.
18:14 of 2nd period - Stopped by John Gibson with a rebound.
18:53 of 2nd period - Shot by Derek Roy.
18:53 of 2nd period - Stopped by John Gibson with a rebound.
19:01 of 2nd period - Shot by Derek Roy.
19:01 of 2nd period - Stopped by John Gibson without a rebound.
19:02 of 2nd period - Tyler Bozak wins face-off versus Mikko Koivu in Wild zone.
19:05 of 2nd period - Shot by Tuomo Ruutu.
19:05 of 2nd period - Shot Blocked by Mikko Koivu.
19:07 of 2nd period - Shot by Kevan Miller.
19:07 of 2nd period - Stopped by John Gibson without a rebound.
19:08 of 2nd period - Mikko Koivu wins face-off versus Nikita Filatov in Wild zone.
19:16 of 2nd period - Mikko Koivu is hit by Tuomo Ruutu and loses puck.
19:24 of 2nd period - Mark Stone is hit by Kevan Miller and loses puck.
19:43 of 2nd period - Shot by Tyler Bozak.
19:43 of 2nd period - Shot Blocked by Andy Greene.
19:45 of 2nd period - Shot by Nikita Filatov.
19:45 of 2nd period - Stopped by John Gibson without a rebound.
19:46 of 2nd period - Derek Roy wins face-off versus Drew Miller in Wild zone.
19:57 of 2nd period - Shot by Drew Miller.
19:57 of 2nd period - Stopped by Cam Ward without a rebound.
19:58 of 2nd period - Colin Wilson wins face-off versus Brandon Dubinsky in Predators zone.
Goals for this period are 0 for Wild vs 0 for Predators.
Shots for this period are 8 for Wild vs 13 for Predators.

3rd period


0:01 of 3rd period - Mikko Koivu wins face-off versus Derek Roy in neutral zone.
0:08 of 3rd period - Shot by Mark Stone.
0:08 of 3rd period - Deflect By Mikko Koivu.
0:08 of 3rd period - Shot Blocked by Slava Voynov.
0:31 of 3rd period - Derek Roy is hit by Ian White and loses puck.
0:34 of 3rd period - Shot by R.J. Umberger.
0:34 of 3rd period - Shot Misses the Net.
0:36 of 3rd period - Shot by Derek Roy.
0:36 of 3rd period - Stopped by John Gibson with a rebound.
1:33 of 3rd period - Shot by Matt Duchene.
1:33 of 3rd period - Shot Misses the Net.
1:35 of 3rd period - Shot by Jason Pominville.
1:35 of 3rd period - Goal by Jason Pominville - Wild : 2 - Predators : 1.
1:36 of 3rd period - Brandon Dubinsky wins face-off versus Drew Miller in neutral zone.
1:36 of 3rd period - Ryan Callahan is hit by Johan Franzen.
2:02 of 3rd period - Shot by Drew Miller.
2:02 of 3rd period - Stopped by Cam Ward without a rebound.
2:03 of 3rd period - Boyd Gordon wins face-off versus Colin Wilson in Predators zone.
2:09 of 3rd period - Icing by Lauri Korpikoski.
2:10 of 3rd period - Matt Duchene wins face-off versus Lauri Korpikoski in Predators zone.
2:15 of 3rd period - Shot by Jason Pominville.
2:15 of 3rd period - Shot Blocked by Kevan Miller.
2:20 of 3rd period - Icing by Johnny Boychuck.
2:21 of 3rd period - Mikko Koivu wins face-off versus Boyd Gordon in Predators zone.
2:24 of 3rd period - Shot by Mark Stone.
2:24 of 3rd period - Shot Misses the Net.
2:45 of 3rd period - Shot by Kevan Miller.
2:45 of 3rd period - Shot Misses the Net.
2:47 of 3rd period - Shot by Paul Byron.
2:47 of 3rd period - Shot Blocked by Andy Greene.
2:49 of 3rd period - Shot by Johnny Boychuck.
2:49 of 3rd period - Stopped by John Gibson without a rebound.
2:50 of 3rd period - Brandon Dubinsky wins face-off versus Matt Duchene in Wild zone.
2:51 of 3rd period - Shot by Kyle Okposo.
2:51 of 3rd period - Stopped by John Gibson without a rebound.
2:52 of 3rd period - Brandon Dubinsky wins face-off versus Matt Duchene in Wild zone.
2:53 of 3rd period - Shot by Kyle Okposo.
2:53 of 3rd period - Shot Misses the Net.
3:13 of 3rd period - Shot by Matt Duchene.
3:13 of 3rd period - Stopped by Cam Ward without a rebound.
3:14 of 3rd period - Mikko Koivu wins face-off versus Tuomo Ruutu in Predators zone.
3:15 of 3rd period - Shot by Andy Greene.
3:15 of 3rd period - Stopped by Cam Ward with a rebound.
3:17 of 3rd period - Shot by Mark Stone.
3:17 of 3rd period - Shot Blocked by Brenden Dillon.
3:19 of 3rd period - Shot by Ian White.
3:19 of 3rd period - Deflect By Dylan Hunter.
3:19 of 3rd period - Shot Blocked by Tyler Bozak.
3:29 of 3rd period - Shot by Mark Stone.
3:29 of 3rd period - Shot Blocked by Brenden Dillon.
3:31 of 3rd period - Shot by Mark Stone.
3:31 of 3rd period - Stopped by Cam Ward without a rebound.
3:32 of 3rd period - Brandon Dubinsky wins face-off versus Jason Pominville in Predators zone.
3:39 of 3rd period - Shot by Kyle Okposo.
3:39 of 3rd period - Deflect By Ryan Callahan.
3:39 of 3rd period - Goal by Ryan Callahan - Wild : 2 - Predators : 2.
3:40 of 3rd period - Mikko Koivu wins face-off versus Brandon Dubinsky in neutral zone.
4:07 of 3rd period - Shot by Ryan Callahan.
4:07 of 3rd period - Shot Misses the Net.
4:12 of 3rd period - Icing by Mark Stone.
4:13 of 3rd period - Mikko Koivu wins face-off versus Tyler Bozak in Wild zone.
4:52 of 3rd period - Shot by Nikita Filatov.
4:52 of 3rd period - Stopped by John Gibson with a rebound.
4:54 of 3rd period - Shot by Brenden Dillon.
4:54 of 3rd period - Stopped by John Gibson with a rebound.
4:56 of 3rd period - Shot by Brenden Dillon.
4:56 of 3rd period - Shot Misses the Net.
5:22 of 3rd period - Shot by Brandon Dubinsky.
5:22 of 3rd period - Stopped by John Gibson with a rebound.
5:24 of 3rd period - Shot by Ladislav Smid.
5:24 of 3rd period - Shot Misses the Net.
5:40 of 3rd period - Shot by Ryan Callahan.
5:40 of 3rd period - Stopped by John Gibson with a rebound.
5:47 of 3rd period - Brandon Dubinsky is hit by Ian White and loses puck.
5:57 of 3rd period - Mark Stone is hit by Johnny Boychuck and loses puck.
6:04 of 3rd period - Johnny Boychuck is hit by Dylan Hunter and loses puck.
6:45 of 3rd period - Lauri Korpikoski is hit by Dylan Hunter and loses puck.
7:01 of 3rd period - Mikko Koivu is hit by Paul Byron and loses puck.
7:33 of 3rd period - Mikko Koivu is hit by Nikita Filatov and loses puck.
7:59 of 3rd period - Icing by Paul Ranger.
8:00 of 3rd period - Matt Duchene wins face-off versus Brandon Dubinsky in Wild zone.
8:07 of 3rd period - Ryan Callahan is hit by Matt Duchene.
8:11 of 3rd period - Paul Ranger is hit by Ryan Callahan and loses puck.
9:18 of 3rd period - Shot by Tyler Bozak.
9:18 of 3rd period - Shot Misses the Net.
9:20 of 3rd period - Shot by Danny Dekeyser.
9:20 of 3rd period - Stopped by John Gibson without a rebound.
9:21 of 3rd period - Colin Wilson wins face-off versus Derek Roy in Wild zone.
9:21 of 3rd period - Colin Wilson is hit by Derek Roy.
9:26 of 3rd period - Icing by Colin Wilson.
9:27 of 3rd period - Colin Wilson wins face-off versus Derek Roy in Wild zone.
9:34 of 3rd period - Shot by Tim Conboy.
9:34 of 3rd period - Shot Blocked by Danny Dekeyser.
9:48 of 3rd period - Shot by Ryan Hamilton.
9:48 of 3rd period - Stopped by Cam Ward without a rebound.
9:49 of 3rd period - Tyler Bozak wins face-off versus Drew Miller in Predators zone.
10:15 of 3rd period - Shot by Drew Miller.
10:15 of 3rd period - Deflect By Johan Franzen.
10:15 of 3rd period - Shot Misses the Net.
11:02 of 3rd period - Matt Duchene is hit by Derek Roy and loses puck.
11:40 of 3rd period - Shot by Danny Dekeyser.
11:40 of 3rd period - Stopped by John Gibson without a rebound.
11:41 of 3rd period - Colin Wilson wins face-off versus Boyd Gordon in Wild zone.
11:49 of 3rd period - Icing by Johnny Boychuck.
11:50 of 3rd period - Boyd Gordon wins face-off versus Colin Wilson in Predators zone.
12:07 of 3rd period - Shot by Lauri Korpikoski.
12:07 of 3rd period - Shot Misses the Net.
12:09 of 3rd period - Shot by Boyd Gordon.
12:09 of 3rd period - Stopped by John Gibson without a rebound.
12:10 of 3rd period - Jason Pominville wins face-off versus Kyle Okposo in Wild zone.
12:18 of 3rd period - Icing by Anton Volchenkov.
12:19 of 3rd period - Leon Draisaitl wins face-off versus Brandon Dubinsky in Wild zone.
12:42 of 3rd period - Shot by Jason Pominville.
12:42 of 3rd period - Deflect By Leon Draisaitl.
12:42 of 3rd period - Stopped by Cam Ward without a rebound.
12:43 of 3rd period - Derek Roy wins face-off versus Drew Miller in Predators zone.
12:43 of 3rd period - Derek Roy is hit by Johan Franzen.
13:23 of 3rd period - Shot by Peter Olvecky.
13:23 of 3rd period - Shot Misses the Net.
13:59 of 3rd period - Shot by Matt Duchene.
13:59 of 3rd period - Stopped by Cam Ward without a rebound.
14:00 of 3rd period - Mikko Koivu wins face-off versus Tyler Bozak in Predators zone.
14:06 of 3rd period - Icing by Ladislav Smid.
14:07 of 3rd period - Nikita Filatov wins face-off versus Mikko Koivu in Predators zone.
14:15 of 3rd period - Minor Penalty to Tuomo Ruutu for Delaying the game.
14:16 of 3rd period - Boyd Gordon wins face-off versus Matt Duchene in Predators zone.
14:16 of 3rd period - Boyd Gordon is hit by Leon Draisaitl.
15:15 of 3rd period - Icing by Marvin Degon.
15:16 of 3rd period - Mikko Koivu wins face-off versus Derek Roy in Wild zone.
16:22 of 3rd period - Minor Penalty to Colin Wilson for Hooking.
16:23 of 3rd period - Brandon Dubinsky wins face-off versus Matt Duchene in Wild zone.
16:44 of 3rd period - Shot by Slava Voynov.
16:44 of 3rd period - Stopped by John Gibson without a rebound.
16:45 of 3rd period - Tyler Bozak wins face-off versus Radek Faksa in Wild zone.
17:04 of 3rd period - Shot by Nikita Filatov.
17:04 of 3rd period - Shot Misses the Net.
18:18 of 3rd period - Shot by Tuomo Ruutu.
18:18 of 3rd period - Stopped by John Gibson without a rebound.
18:19 of 3rd period - Matt Duchene wins face-off versus Tyler Bozak in Wild zone.
18:32 of 3rd period - Icing by Leon Draisaitl.
18:33 of 3rd period - Boyd Gordon wins face-off versus Matt Duchene in Wild zone.
18:34 of 3rd period - Shot by Paul Byron.
18:34 of 3rd period - Stopped by John Gibson without a rebound.
18:35 of 3rd period - Tyler Bozak wins face-off versus Drew Miller in Wild zone.
19:13 of 3rd period - Minor Penalty to Ladislav Smid for Roughing.
19:14 of 3rd period - Matt Duchene wins face-off versus Derek Roy in Predators zone.
19:21 of 3rd period - Shot by Jason Pominville.
19:21 of 3rd period - Shot Blocked by Kevan Miller.
19:23 of 3rd period - Shot by Jason Pominville.
19:23 of 3rd period - Shot Misses the Net.
19:25 of 3rd period - Shot by Ian White.
19:25 of 3rd period - Shot Misses the Net.
19:33 of 3rd period - Shot by Marvin Degon.
19:33 of 3rd period - Stopped by Cam Ward without a rebound.
19:34 of 3rd period - Mikko Koivu wins face-off versus Boyd Gordon in Predators zone.
19:55 of 3rd period - Shot by Dylan Hunter.
19:55 of 3rd period - Stopped by Cam Ward without a rebound.
19:56 of 3rd period - Matt Duchene wins face-off versus Derek Roy in Predators zone.
Goals for this period are 1 for Wild vs 1 for Predators.
Shots for this period are 10 for Wild vs 14 for Predators.

Overtime #1


0:01 of 1st overtime period - Leon Draisaitl wins face-off versus R.J. Umberger in neutral zone.
0:38 of 1st overtime period - Shot by Leon Draisaitl.
0:38 of 1st overtime period - Shot Blocked by Brenden Dillon.
1:02 of 1st overtime period - Shot by Dylan Hunter.
1:02 of 1st overtime period - Stopped by Cam Ward with a rebound.
1:04 of 1st overtime period - Shot by Marvin Degon.
1:04 of 1st overtime period - Stopped by Cam Ward without a rebound.
1:05 of 1st overtime period - Mikko Koivu wins face-off versus R.J. Umberger in Predators zone.
1:15 of 1st overtime period - Off-side.
1:16 of 1st overtime period - Tyler Bozak wins face-off versus Matt Duchene in neutral zone.
1:23 of 1st overtime period - Shot by Brenden Dillon.
1:23 of 1st overtime period - Stopped by John Gibson without a rebound.
1:24 of 1st overtime period - Brandon Dubinsky wins face-off versus Mikko Koivu in Wild zone.
1:31 of 1st overtime period - Shot by Brandon Dubinsky.
1:31 of 1st overtime period - Shot Blocked by Jason Pominville.
2:35 of 1st overtime period - Shot by Kyle Okposo.
2:35 of 1st overtime period - Stopped by John Gibson without a rebound.
2:36 of 1st overtime period - Mikko Koivu wins face-off versus Tyler Bozak in Wild zone.
3:33 of 1st overtime period - Shot by Dylan Hunter.
3:33 of 1st overtime period - Goal by Dylan Hunter - Wild : 3 - Predators : 2.
Goals for this period are 1 for Wild vs 0 for Predators.
Shots for this period are 3 for Wild vs 2 for Predators.